Cogmind - Beta 17.1 @@@ ROGUE MODE // 2026.08.28 @ 17:35:14 Player: H3-MLN Result: Destroyed by 35-E39(R) with Subdweller Machine Gun Performance ------------- Evolutions (0) 0 Regions Visited (2) 400 Robots Destroyed (11) 55 Value Destroyed (226) 226 Prototype IDs (0) 0 Alien Tech Used (0) 0 Bonus (0) 0 TOTAL SCORE: 681 Bonus ------- None Cogmind --------- Core Integrity 0/250 Matter 250/300 Energy 32/125 System Corruption 0% Temperature Cool (0) Movement Core (250) Ox4 Location -10/Subcaves Parts ------- > --- POWER (1) -------- Light Ion Engine > --- PROPULSION (2) --- (None) > --- UTILITY (2) ------ Small Storage Unit Subdweller Optics > --- WEAPON (2) ------- Light EM Pulse Cannon > --- INVENTORY (8) ---- Subdweller Power Source Cooling System Disposable Heat Sink Disposable Heat Sink Light Assault Rifle Grenade Launcher Peak State ------------ > --- POWER ------------ Light Ion Engine > --- PROPULSION ------- Light Treads Compact Wheel > --- UTILITY ---------- Small Storage Unit Subdweller Optics > --- WEAPON ----------- Light EM Pulse Cannon Subdweller Machine Gun > --- INVENTORY -------- Subdweller Power Source Cooling System Disposable Heat Sink Disposable Heat Sink Light Assault Rifle Grenade Launcher [Rating: 11] Favorites ----------- Power Ion Engine Engine Ion Engine Propulsion Light Treads Treads Light Treads Wheel Wheel Utility Small Storage Unit Device Subdweller Optics Storage Small Storage Unit Weapon Assault Rifle Energy Cannon Light EM Pulse Cannon Ballistic Gun Assault Rifle Build | -11 -10 -10 ------- Run | Yrd Mat Sub Slots Evolved . | . . . Power . | . . . Propulsion . | . . . Utility . | . . . Weapon . | . . . Parts Attached 12 | 6 . 6 Power 2 | 1 . 1 Engine 2 | 1 . 1 Core . | . . . Reactor . | . . . Propulsion 4 | 2 . 2 Treads 2 | 1 . 1 Leg . | . . . Wheel 2 | 1 . 1 Hover . | . . . Flight . | . . . Utility 2 | 1 . 1 Device 1 | . . 1 Storage 1 | 1 . . Processor . | . . . Hackware . | . . . Protection . | . . . Artifact . | . . . Weapon 4 | 2 . 2 Energy Gun . | . . . Energy Cannon 1 | . . 1 Ballistic Gun 3 | 2 . 1 Ballistic Cannon . | . . . Launcher . | . . . Special Weapon . | . . . Impact Weapon . | . . . Slashing Weapon . | . . . Piercing Weapon . | . . . Special Melee Weapon . | . . . Unidentified Prototypes . | . . . Parts Lost 8 | . . 8 Power 1 | . . 1 Propulsion 4 | . . 4 Utility . | . . . Weapon 3 | . . 3 Highest Loss Streak 5 | . . 5 To Critical Strikes . | . . . Average Backups 6 | 2 7 7 Power . | . 1 . Propulsion 1 | 1 2 1 Utility 2 | . 2 3 Weapon 1 | . 1 2 Tool/Special . | . . . Unused Backups 7 | . 1 6 Power 1 | . . 1 Propulsion 1 | . 1 . Utility 3 | . . 3 Weapon 2 | . . 2 Tool/Special . | . . . Average Slot Usage (%) 85 | . 85 85 Engine 14 | . 14 14 Treads 14 | . 14 14 Wheel 12 | . 14 12 Device 1 | . . 2 Storage 14 | . 14 14 Ballistic Gun 26 | . 28 26 Peak Build Rating 11 | 6 7 11 Average Rating 6 | 5 6 7 On Entrance 4 | . 6 7 Avg Prop Armor Cover (%) 11 | 13 11 11 Naked Turns . | . . . Heaviest Build 14 | 14 14 14 Greatest Support 16 | 10 10 16 Greatest Overweight (x) 1 | 1 1 1 Average Overweight (x) . | . 1 . Largest Inventory Capacity 8 | 8 8 8 Average Capacity 7 | 7 8 8 Most Carried 8 | 5 8 8 Average Carried 7 | 2 7 7 Final Capacity 8 | 8 8 8 Final Carried 8 | 5 8 6 Class Distribution -------------------- 100% | Mutant Dominant Class ---------------- Mutant | -10/Materials Mutant | -10/Subcaves Resources | -11 -10 -10 ----------- Run | Yrd Mat Sub Matter Collected 460 | 272 76 112 Remotely . | . . . Salvage Created 400 | 96 133 171 Parts 30 | 3 18 9 Haulers Intercepted . | . . . Recyclers Shooed . | . . . Parts Field Recycled . | . . . Retrieved Matter . | . . . Parts Self-Destructed 8 | . . 8 Prevented . | . . . Parts Restored . | . . . Kills | -11 -10 -10 ------- Run | Yrd Mat Sub Combat Hostiles Destroyed 9 | . 6 3 Guns 9 | . 6 3 Classes Destroyed 6 | 1 3 2 Recycler 1 | 1 . . Watcher 1 | . 1 . Swarmer 5 | . 5 . Grunt 1 | . 1 . Artisan 1 | . . 1 Subdweller 3 | . . 3 Best Kill Streak 4 | 1 4 2 Combat Bots Only 3 | . 3 2 Max Kills in Single Turn 1 | 1 1 1 Gunslinging . | . . . Exploded . | . . . Melee . | . . . Uniques/NPCs Destroyed . | . . . Combat | -11 -10 -10 -------- Run | Yrd Mat Sub Hostile Shots Fired 81 | . 19 62 Missed 19 | . 5 14 Hits 62 | . 14 48 Projectile 62 | . 14 48 Critical Strikes 2 | . . 2 Damage Taken 1104 | . 103 1001 Core 251 | . 6 245 Absorbed by Shields . | . . . Core Remaining (%) 100 | 100 . . Volleys Fired 46 | 2 14 30 Largest 2 | 2 2 2 Hottest 86 | 40 40 86 Shots Fired 87 | 4 28 55 Gun 79 | 4 28 47 Cannon 8 | . . 8 Launcher . | . . . Special . | . . . Kinetic 79 | 4 28 47 Thermal . | . . . Explosive . | . . . Electromagnetic 8 | . . 8 Robot Hit Streak 19 | 4 3 19 Robot Miss Streak 7 | . 7 2 Penetration Max . | . . . Secondary Targets 3 | . 2 1 Max Gunslinging Chain 1 | . 1 1 Shots Hit Robots 63 | 4 12 47 Core Hits 18 | 2 8 8 Critical Kills . | . . . Critical Parts Destroyed 1 | . . 1 Critical Strikes 1 | . . 1 Destroy 1 | . . 1 Melee Attacks . | . . . Impact . | . . . Slashing . | . . . Piercing . | . . . Sneak Attacks . | . . . Combat Hostiles . | . . . Follow-up Attacks . | . . . Damage Inflicted 887 | 48 147 692 Guns 755 | 48 147 560 Cannons 132 | . . 132 Explosions . | . . . Melee . | . . . Ramming . | . . . Kinetic 755 | 48 147 560 Thermal . | . . . Explosive . | . . . Electromagnetic 132 | . . 132 Impact . | . . . Slashing . | . . . Piercing . | . . . Highest Corruption . | . . . Average Corruption . | . . . Corruption Purged . | . . . Corruption Blocked . | . . . Overload Shots . | . . . Overflow Damage . | . . . Projectiles . | . . . Explosions . | . . . Melee . | . . . Knockbacks . | . . . Impact . | . . . Kinetic . | . . . Secondary . | . . . Self-Inflicted Damage . | . . . Shots . | . . . Rammed . | . . . Targets Rammed . | . . . Kicked . | . . . Crushed . | . . . Highest Temperature . | . . . Average Temperature . | . . . Received Heat Transfer 36 | . 6 30 Siege Activations . | . . . Martial Activations . | . . . Shielding Activations . | . . . Robots Disrupted . | . . . Combat Hostiles . | . . . Robots Corrupted . | . . . Combat Hostiles . | . . . Parts Fried . | . . . Impact Corruptions . | . . . Robots Melted . | . . . Combat Hostiles . | . . . Parts Melted . | . . . Heat Transferred . | . . . Parts Sabotaged . | . . . Parts Stolen . | . . . Parts Stripped . | . . . Power Chain Reactions . | . . . Alert | -11 -10 -10 ------- Run | Yrd Mat Sub Maximum Alert Level . | . . . Low Security (%) 100 | 100 100 . Level 1 . | . . . Level 2 . | . . . Level 3 . | . . . Level 4 . | . . . Level 5 . | . . . High Security . | . . . Max Security . | . . . Peak Influence 122 | 5 122 . Initial 3 | . 3 . Average 27 | . 39 . Influence Increases 167 | 5 162 . Destroy 0b10 Robot/C 120 | . 120 . Destroy 0b10 Robot/NC 10 | 5 5 . Destroy Leader 22 | . 22 . Lose Combat Pursuer 15 | . 15 . Influence Decreases 167 | . 55 112 Entered New Map 57 | . 2 55 Time Decay 110 | . 53 57 Squads Dispatched . | . . . Investigation . | . . . Extermination . | . . . Reinforcement . | . . . Assault . | . . . Garrison . | . . . Intercept . | . . . Searches Triggered . | . . . Construction Impeded . | . . . Haulers Reinforced . | . . . Active Scanning Responses . | . . . Cargo Convoy Interrupts . | . . . Stealth | -11 -10 -10 --------- Run | Yrd Mat Sub Distress Signals . | . . . Communications Jammed . | . . . Distress Signals . | . . . Times Spotted 12 | . 8 4 Peak Tracking Total 3 | . 3 2 Tactical Retreats 1 | . 1 . Traps | -11 -10 -10 ------- Run | Yrd Mat Sub Traps Triggered . | . . . Indirectly . | . . . Trap Hack Attempts . | . . . Triggered . | . . . Disarmed . | . . . Reprogrammed . | . . . Reused . | . . . Traps Extracted . | . . . Installed . | . . . Triggered . | . . . Machines | -11 -10 -10 ---------- Run | Yrd Mat Sub Machines Disabled . | . . . Max in Single Turn . | . . . Machines Repaired . | . . . Machines Dismantled . | . . . Machines Sabotaged . | . . . Overloaded Fab Kills . | . . . Hacking | -11 -10 -10 --------- Run | Yrd Mat Sub Machines Accessed . | . . . Terminals . | . . . Fabricators . | . . . Repair Stations . | . . . Recycling Units . | . . . Scanalyzers . | . . . Garrison Access . | . . . Total Hacks . | . . . Successful . | . . . Failed . | . . . Catastrophic . | . . . Database Lockouts . | . . . Manual . | . . . Terminals . | . . . Fabricators . | . . . Repair Stations . | . . . Recycling Units . | . . . Scanalyzers . | . . . Garrison Access . | . . . Terminal Hacks . | . . . Fabricator Hacks . | . . . Repair Station Hacks . | . . . Recycling Unit Hacks . | . . . Scanalyzer . | . . . Garrison Access Hacks . | . . . Unauthorized Hacks . | . . . Terminals . | . . . Fabricators . | . . . Repair Stations . | . . . Recycling Units . | . . . Scanalyzers . | . . . Garrison Access . | . . . Data Cores Recovered . | . . . Used . | . . . Hacking Detections . | . . . Full Trace Events . | . . . Feedback Events . | . . . Feedback Blocked . | . . . Robot Schematics Acquired . | . . . Robots Built . | . . . Authchips . | . . . Time . | . . . Total Robot Build Rating . | . . . Part Schematics Acquired . | . . . Parts Built . | . . . Authchips . | . . . Time . | . . . Total Part Build Rating . | . . . Part Studies Acquired . | . . . Parts Repaired . | . . . Time . | . . . Parts Recycled . | . . . Recycled Matter . | . . . Retrieved Matter . | . . . Retrieved Components . | . . . Parts Scanalyzed . | . . . Part Schematics Acquired . | . . . Parts Damaged . | . . . Bothacking | -11 -10 -10 ------------ Run | Yrd Mat Sub Used RIF Installer . | . . . Robots Hacked . | . . . Non-combat . | . . . Combat . | . . . Robot Hacks Applied . | . . . Relay Couplers Released . | . . . Fabnet Peak Effective % . | . . . Robots Rewired . | . . . Allies Hacked . | . . . Hacks Repelled . | . . . Allies | -11 -10 -10 -------- Run | Yrd Mat Sub Total Allies . | . . . Largest Group . | . . . Highest-Rated Group . | . . . Highest-Rated Ally . | . . . Total Orders . | . . . Ally Attacks . | . . . Total Damage . | . . . Kills . | . . . Allies Corrupted . | . . . Allies Melted . | . . . Intel | -11 -10 -10 ------- Run | Yrd Mat Sub Active Infowar (turns) 66 | . . 66 Optics 66 | . . 66 Robot Analysis Total . | . . . Derelict Logs Recovered . | . . . Drone Launches . | . . . Drone Recoveries . | . . . Exploration | -11 -10 -10 ------------- Run | Yrd Mat Sub Turns Passed 622 | 74 156 392 Spaces Moved 448 | 60 98 290 Core 6 | 6 . . Treads . | . . . Legs . | . . . Wheels 442 | 54 98 290 Hover . | . . . Flight . | . . . Fastest Speed 50 | 50 95 95 Average Speed 94 | 88 95 95 Slowest Speed 100 | 100 95 100 Overloaded Moves . | . . . Propulsion Burnouts . | . . . Robots Hopped . | . . . Potential Cave-ins . | . . . Cave-ins Triggered . | . . . Exploration Rate (%) 18 | 4 22 30 Regions Visited 2 Branch Regions 1 Pre-discovered Areas 1 | . . 1 Known Exits Taken . | . . . Unknown Exits Taken 2 | 1 1 . Scrap Searched . | . . . Spaces Dug . | . . . Terrain Destroyed . | . . . Melee . | . . . Projectile . | . . . AOE . | . . . Terrain Rammed . | . . . Walls Destroyed . | . . . Machines Disabled . | . . . Actions | -11 -10 -10 --------- Run | Yrd Mat Sub Total 554 | 73 133 348 Wait 37 | 1 17 19 Move 446 | 59 97 290 Hop . | . . . Pick Up 12 | 5 4 3 Fast Attach 7 | 6 . 1 Attach 5 | . . 5 Detach . | . . . Swap . | . . . Drop 1 | . 1 . Fire 46 | 2 14 30 Melee . | . . . Ram . | . . . Kick . | . . . Crush . | . . . Escape Stasis . | . . . Rewire . | . . . Trap . | . . . Miscellaneous . | . . . Route ------- -11/Scrapyard -10/Materials -10/Subcaves (discovered 1 exit: [*Mat]) History --------- Turn | Location | Event 8 | -11/Scrapyard | Discovered new exit (range 16) 75 | -11/Scrapyard | Entered Materials 225 | -10/Materials | Discovered new exit (range 8) 231 | -10/Materials | Entered Subcaves 259 | -10/Subcaves | Discovered new exit (range 8) 301 | -10/Subcaves | Build established: Mutant 379 | -10/Subcaves | Learned location of Zion (-6) 379 | -10/Subcaves | Met a Zionite searching for "candidates" 555 | -10/Subcaves | Lost 3 parts (1p2n) 592 | -10/Subcaves | Core integrity fell below 50% 608 | -10/Subcaves | Core integrity fell below 20% 623 | -10/Subcaves | Destroyed by 35-E39(R) with Subdweller Machine Gun Last Messages --------------- 00542_ WE-Z8G(R) destroyed. 00548_ Acquired Grenade Launcher. 00550_ Acquired Sub. Power Source. 00552_ Acquired Sub. Machine Gun. 00553_ Acquired 46 matter. 00556_ Acquired Sub. Optics. 00587_ Assault Rifle destroyed. 00593_ TE-FU7(R) IFF system glitched. 00594_ TE-FU7(R) suffers critical hit (Destroy). 00594_ Destroyed Disposable Heat Sink. 00595_ Lgt. Treads destroyed. 00600_ TE-FU7(R) destroyed. 00606_ 35-E39(R) affixes Scrap Shield Fragment to Scrap Shield. 00610_ Sub. Machine Gun shoots sparks and powers down. 00612_ 35-E39(R) affixes Scrap Shield Fragment to Scrap Shield. 00617_ Broken Sub. Machine Gun destroyed. 00621_ Com. Wheel destroyed. Map ----- +----------------------------------------------------+ | ???????????????????????????????????????????????? | | ???????????????????????????????????????????????? | | ???????????????????????????????????????????????? | | ???????????????????????????????????????????????? | | ???????????????????????????????????????????????? | | ???????????????????????????????????????????????? | | ???????????????????????????????????????????????? | | ???????????????????????????????????????????????? | | ???????????????????????????????????????????????? | | ???????????????????????????????????????????????? | | ???????????????????????????????????????????????? | | ???????????????????????????????????????????????? | | ???????????????????????????????????????????????? | | ????????????????????###????????????????????????? | | ????????????????????# ??????#?????????????????? | | ?????????????????##?# ????? ??????????????????? | | ?????????????????# ## ???? ??????????????????? | | ???????????????### #???# ???????????????????? | | ??????????????## ??# ????????????????????? | | ??????????????# #?# ?????????????????????? | | ??????????????# ## ?????????????????????? | | ??????????????# ??????????????????????? | | ???????????????# ???????????????????????? | | ????????????????# [#???????????????????????? | | ????????????????# R%##??????????????????????? | | ??????????????????# @#??????????????????????? | | ??????????????????## ###????????????????????? | | ???????????????###?## ##???????????????????? | | ???????????????# ??## #???????????????????? | | ??????????????##" #### " #???????????????????? | | ??????????????#"" """ #???????????????????? | | ??????????????#"" """""####???????????????????? | | ??????????????#"" " ""##?????????????????????? | | ??????????????#"" " " #?????????????????????? | | ??????????????## " " #?????????????????????? | | ???????????????# """""##?????????????????????? | | ???????????????#"" #??????????????????????? | | ???????????????##" #??????????????????????? | | ???????????????##" ##??????????????????????? | | ???????????????#"" ###???????????????????????? | | ???????????????# ##?????????????????????????? | | ???????????????# ##??????????????????????????? | | ???????????????# ! #???????????????????????????? | | ??????????????## &#???????????????????????????? | | ??????????????# ##??????????????????????????? | | ??????????????# | ##?????????????????????????? | | ??????????????# #?????????????????????????? | | ??????????????## #?????????????????????????? | | ???????????????# ###?????????????????????????? | | ???????????????# #???????????????????????????? | +----------------------------------------------------+ Best States ------------- Heat Dissipation 25 Energy Generation 10 Energy Capacity 250 Matter Stores 300 Matter Capacity 300 Sight Range 21 Terrain Scan Density 10 Evasion (%) 44 Recoil Reduction 2 Item Schematics ----------------- None Robot Schematics ------------------ None Fabricated ------------ Nothing Repaired ---------- Nothing Studied --------- None Alien Tech Used ----------------- None Achievements -------------- None Challenges ------------ Inhibited Evolution Simple Hacker Sticky Parts Trapped Unstable Evolution Game ------ Seed ModifiedWarpCyclogen Manual? 0 Play Time 00:07:11 Cumulative 1747.3 hours Start 2026.08.28 @ 17:26:45 End 2026.08.28 @ 17:35:14 Sessions 1 Manual Loads 0 Difficulty Rogue Special Mode None Game No. 529 Rogue 521 Adventurer 4 Explorer 4 Win Type - Total 69 Types 31/9/4/4/2/5/7/2/3/2 Lore% 97 Gallery% 96 Achievement% 92 Wizard Run 0 Options --------- Layout 2 ASCII 0 Keyboard 0 Movement Numpad Keybinds 0 Fullscreen 2 Font 24/Smallcaps Map View 50x44 Zoom Use 0% Tactical HUD 1 Map Filters NONE Filters NONE Steam 1 RUN: ac3023c3-c5b9-4e71-9be5-27082d039cee